Map: Junção Kairos LE

Players

SRM - Winner!

  • Race: Terran Terran
  • League: Platinum
  • Spawn Location: 11:00

Vicster

  • Race: Terran Terran
  • League: Gold
  • Spawn Location: 5:00

VOD

Have the link to the VOD?

Description

Time

  • Played on: Jan. 6, 2019, 5:25 p.m.
  • Length: 9:36
Show
View Real Time Build Order
Export as new Build Order

SRM Terran - Winner!

Build Orders: Gas First Reaper Expand, Liberator Opening 

Get SALT Encoding   

  12  0:01  SCV  
  13  0:17  Supply Depot  
  13  0:21  SCV  
  13  0:26  Refinery  
  14  0:41  Barracks  
  14  0:55  SCV  
  15  1:07  SCV  
  16  1:19  SCV  
  17  1:28  Reaper  
  18  1:51  Command Center  
  18  2:00  Reaper  
  19  2:03  Orbital Command  
  19  2:16  Factory  
  19  2:24  Refinery  
  19  2:31  SCV  
  20  2:43  Reaper  
  21  2:54  SCV  
  22  3:04  Supply Depot  
  22  3:06  SCV  
  23  3:16  Hellion  
  26  3:22  Barracks Reactor  
  26  3:24  SCV  
  26  3:25  Orbital Command  
  26  3:27  Starport  
  25  3:57  Liberator  
  25  4:00  Factory Tech Lab  
  26  4:26  SCV x2  
  28  4:33  Marine x2  
  28  4:34  Siege Tank  
  28  4:35  Supply Depot  
  33  4:38  SCV x2  
  33  4:40  Starport  
  33  4:44  Refinery  
  35  4:47  Liberator  
  35  4:50  SCV  
  35  4:52  SCV  
  37  4:56  Refinery  
  37  5:02  SCV  
  37  5:05  Marine x2  
  37  5:06  SCV  
  44  5:15  SCV  
  44  5:16  Starport Reactor, Supply Depot  
  44  5:18  SCV  
  46  5:30  Marine x2  
  49  5:35  SCV x2  
  49  5:38  Barracks  
  49  5:40  Barracks  
  50  5:45  Supply Depot  
  50  5:47  SCV  
  50  5:48  SCV  
  52  5:50  Engineering Bay  
  52  5:59  SCV  
  52  6:00  SCV  
  54  6:05  Armory  
  54  6:12  SCV x2  
  54  6:17  Supply Depot  
  56  6:24  SCV x2, Medivac  
  63  6:27  Medivac  
  63  6:29  Barracks Tech Lab x2  
  62  6:36  SCV x2  
  64  6:47  Siege Tank  
  64  6:48  SCV x2  
  64  6:50  Marine, Marauder x2  
  64  6:52  Combat Shield  
  74  6:54  Liberator  
  74  6:55  Command Center  
  74  7:15  Supply Depot  
  77  7:21  Supply Depot  
  77  7:32  Marine  
  77  7:36  Marine, Viking, SCV  
  77  7:37  Marauder x2  
  86  7:38  Supply Depot  
  86  7:41  Supply Depot  
  86  7:43  Viking  
  88  7:47  Supply Depot  
  88  8:05  Marine x2  
  89  8:06  Marauder x2  
  89  8:07  Siege Tank  
  97  8:15  Liberator x2  
  97  8:27  Marauder  
  105  8:39  Siege Tank  
  108  8:41  Marine x3  
  108  8:43  SCV x2  
  108  8:46  Orbital Command  
  108  8:48  Marine  
  114  8:55  Supply Depot  
  114  9:00  Marauder  
  116  9:05  Marine x2  
  116  9:06  Marauder  
Show
View Real Time Build Order
Export as new Build Order

Vicster Terran 

Build Orders: Mech 

Get SALT Encoding   

  12  0:01  SCV  
  13  0:13  SCV  
  14  0:17  Supply Depot  
  14  0:25  SCV  
  15  0:38  SCV  
  15  0:42  Barracks  
  16  0:51  SCV  
  16  0:53  Refinery  
  17  1:03  SCV  
  18  1:15  SCV  
  19  1:27  SCV  
  20  1:34  Marine  
  21  1:40  Command Center  
  20  1:47  Orbital Command  
  20  1:59  Factory  
  20  2:09  Barracks Tech Lab  
  20  2:14  SCV  
  21  2:18  Supply Depot  
  21  2:21  Refinery  
  21  2:26  SCV  
  21  3:08  Bunker  
  20  3:14  Siege Tank  
  20  3:16  SCV  
  20  3:19  Orbital Command  
  21  4:23  Siege Tank  
  24  4:34  Factory, Engineering Bay  
  24  4:36  Armory, Factory, SCV  
  25  4:44  Command Center  
  25  4:50  SCV x2  
  27  4:55  Supply Depot  
  27  5:02  SCV x2  
  29  5:10  Marine  
  30  5:14  SCV x2  
  31  5:25  Missile Turret  
  31  5:28  Missile Turret  
  29  5:56  Factory Reactor x2  
  29  5:57  Orbital Command  
  18  6:58  Missile Turret  
  18  7:00  Orbital Command  
  18  7:05  Hellion  
  18  7:06  Hellion x2  
  24  7:15  Refinery  
  24  7:16  Refinery  
  24  7:21  SCV x2  
  26  7:33  SCV x2  
  28  7:45  SCV  
  28  7:46  SCV  
  30  8:01  Missile Turret  
  30  8:04  Refinery  
  30  8:17  Thor  
  36  8:38  Missile Turret  
  36  9:00  Hellion x3  
  36  9:05  Orbital Command  
Tags
 
Add a new tag
Caveats
  • Supply blocks, unpowered buildings, or Contaminate may cause inaccurate times.
  • Supply counts are checked every 10 seconds.